 Dungeon Crawl Stone Soup version 0.19-a0-36-g4a0968a (webtiles) character file.

1507 jyri the Grappler (level 8, -11/63 HPs)
             Began as a Ghoul Monk on May 3, 2016.
             Was a Priest of Yredelemnul.
             Mangled by an ogre
             ... wielding a +0 giant club
              (14 damage)
             ... on level 6 of the Dungeon.
             The game lasted 00:27:31 (6451 turns).

jyri the Grappler (Ghoul Monk)                      Turns: 6451, Time: 00:27:33

Health: -11/63     AC: 12    Str: 16    XL:     8   Next: 82%
Magic:  11/11      EV:  5    Int:  5    God:    Yredelemnul [***...]
Gold:   316        SH:  0    Dex: 12    Spells: 0 memorised, 7 levels left

rFire  . . .     SeeInvis .       - Unarmed
rCold  + . .     Gourm    .     m - +0 plate armour
rNeg   + + +     Faith    .     (no shield)
rPois  ∞         Spirit   .     a - +0 helmet
rElec  .         Dismiss  .     o - +0 cloak
rCorr  .         Reflect  .     (no gloves)
SustAt .         Harm     .     (no boots)
MR     .....                    (no amulet)
Stlth  ..........               (no ring)
                                (no ring)

@: very slightly contaminated, rotting, invisible, not resistant to hostile
enchantments, extremely unstealthy
A: rotting body, claws 1, carnivore 3, cold resistance 1, negative energy
resistance 3, slow regeneration 1, torment resistance, unbreathing
a: Recall Undead Slaves, Injury Mirror, Animate Dead, Renounce Religion


You were on level 6 of the Dungeon.
You worshipped Yredelemnul.
Yredelemnul was most pleased with you.
You were not hungry.

You visited 2 branches of the dungeon, and saw 9 of its levels.
You visited the Abyss 1 time.
You also visited: Sewer.

You collected 316 gold pieces.

Inventory:

Hand Weapons
 b - a +1 arbalest of flaming
Missiles
 d - 140 stones (quivered)
 g - 12 bolts
 j - 80 arrows
 l - 45 poisoned needles
Armour
 a - a +0 helmet (worn)
 m - a +0 plate armour (worn)
 o - a +0 cloak (worn)
Scrolls
 f - 2 scrolls of recharging {unknown}
 k - a scroll of amnesia {unknown}
 n - 2 scrolls of teleportation {unknown}
 r - a scroll of fear {unknown}
 w - 3 scrolls of magic mapping
 x - a scroll of fog {unknown}
Potions
 c - a potion of cancellation
 e - a potion of agility
 p - a potion of lignification
 q - a potion of invisibility
 s - a potion of haste {unknown}
 u - 2 potions of heal wounds
 v - 2 potions of curing {unknown}
 z - 3 potions of might {unknown}
Comestibles
 h - a slice of pizza
 i - 2 beef jerkies
 t - 4 meat rations
 A - 3 chunks of flesh


   Skills:
 - Level 3.2 Fighting
 - Level 2.6 Dodging
 - Level 2.1 Stealth
 + Level 10.6 Unarmed Combat
 + Level 6.3 Invocations


You had 7 spell levels left.
You didn't know any spells.

Dungeon Overview and Level Annotations

Branches:
Dungeon (8/15)             Temple (1/1) D:4
   Lair: D:8-11

Altars:
Ashenzari
Cheibriados
Dithmenos
Elyvilon
Fedhas
Gozag
Kikubaaqudgha
Makhleb
Okawaru
Qazlal
Ru
Sif Muna
Trog
Vehumet
Xom
Yredelemnul
Zin
The Shining One
Lugonu

Shops:
D:6 :

Annotations:
D:7 manon's ghost, novice MiBe


Innate Abilities, Weirdness & Mutations

Your body is rotting away.
You thrive on raw meat.
You are immune to poison.
You have sharp fingernails.
You are carnivorous and can eat meat at any time.
Your flesh is cold resistant.
You are immune to negative energy.
You regenerate slowly when monsters are visible.
You are immune to unholy pain and torment.
You can survive without breathing.


Message History

You are too injured to fight recklessly!
You feel much better.
The centaur wields a shortbow.
The centaur shoots an arrow.
The arrow closely misses you. The ice beast hits you.
The ice beast freezes you. You resist.
You fade into invisibility!
The centaur shoots an arrow.
The arrow hits you.
* * * LOW HITPOINT WARNING * * *
The ice beast hits you.
* * * LOW HITPOINT WARNING * * *
The ice beast freezes you. You resist.
* * * LOW HITPOINT WARNING * * *
You are very lightly contaminated with residual magic.
The centaur shoots an arrow.
The arrow hits you but does no damage.
The ice beast hits you but does no damage.
The worker ant bites you but does no damage.
The centaur shoots an arrow.
The arrow hits you.
* * * LOW HITPOINT WARNING * * *
You climb upwards.
The ogre hits you with a giant club!
You die...
Yredelemnul claims you as an undead slave.

..##### ####################
....≈≈########...................
....≈≈≈≈≈.≈≈.####################
...#≈.≈≈≈≈≈≈≈≈# #
...#########..######
....##≈≈≈≈≈≈..##...#
#..##≈≈...≈≈≈###...#
#..#..≈≈≈≈≈≈## #O..######
#..#..##########@a..#...#
#..#≈≈≈≈≈≈≈≈..##.Y......#
#..##..≈.≈≈≈≈≈≈......##.#########
#...#########≈......###.........#
#..............##.#..##...####...
#...........##....##..#....###...
##.......#..#####..##...#..##....
##...........###................
##.....######..##.###.......##...


You could see an ice beast, an ogre and a worker ant.

Vanquished Creatures
  A phantom (D:4)
  3 ogres
  A giant frog (D:6)
  A scorpion (D:6)
  5 howler monkeys
  2 crimson imps
  2 giant frog zombies
  A quasit (D:6)
  An orc priest (D:5)
  A centaur skeleton (D:3)
  A hound (D:4)
  2 orc wizards
  Ijyb (D:2)
  6 worker ants
  4 iguanas
  A hound skeleton (D:6)
  6 adders
  A river rat (Sewer)
  2 shadow imps (D:5)
  2 oozes
  3 worms
  3 dart slugs
  7 giant geckos
  18 orcs
  5 bats
  5 giant cockroaches
  3 hobgoblins (D:1)
  30 jackals
  6 ball pythons
  8 giant newts
  4 goblins
  2 goblin skeletons (D:6)
  A goblin zombie (D:6)
  2 hobgoblin zombies (D:6)
  11 kobolds
  3 kobold skeletons (D:6)
  4 kobold zombies (D:6)
  An orc zombie (D:6)
  13 rats
173 creatures vanquished.

Vanquished Creatures (collateral kills)
  2 howler monkeys
  A giant gecko (D:4)
  A goblin (D:7)
  2 ball pythons (Sewer)
  2 giant newts (Sewer)
  A hobgoblin zombie (D:6)
  An orc skeleton (D:6)
10 creatures vanquished.

Vanquished Creatures (others)
  A howler monkey zombie (D:6)
  A howler monkey skeleton (D:7)
  An iguana zombie (D:7)
  A giant newt zombie (D:7)
  An orc skeleton (D:5)
5 creatures vanquished.

Grand Total: 188 creatures vanquished

Notes
Turn   | Place    | Note
--------------------------------------------------------------
     0 | D:1      | jyri the Ghoul Monk began the quest for the Orb.
     0 | D:1      | Reached XP level 1. HP: 19/19 MP: 0/0
    58 | D:1      | Reached XP level 2. HP: 22/26 MP: 1/1
    76 | D:1      | Reached skill level 5 in Unarmed Combat
   327 | D:1      | Reached XP level 3. HP: 30/31 MP: 2/2
   762 | D:2      | Noticed Ijyb
   787 | D:2      | Killed Ijyb
   787 | D:2      | Reached skill level 6 in Unarmed Combat
   787 | D:2      | Reached XP level 4. HP: 26/38 MP: 3/3
   961 | D:2      | Found a radiant altar of Vehumet.
   962 | D:2      | Found a glowing silver altar of Zin.
  1081 | D:2      | Found a white marble altar of Elyvilon.
  1281 | D:2      | Found a deep blue altar of Sif Muna.
  1522 | D:3      | Reached XP level 5. HP: 42/45 MP: 4/4
  1533 | D:3      | Reached skill level 7 in Unarmed Combat
  1569 | D:3      | Found a snail-covered altar of Cheibriados.
  1645 | D:3      | Cast into level 1 of the Abyss (orc)
  1650 | D:3      | Escaped the Abyss
  1654 | D:3      | HP: 2/45 [orc/short sword of distortion (20)]
  2538 | D:3      | Reached XP level 6. HP: 43/51 MP: 5/5
  2921 | D:4      | Reached skill level 8 in Unarmed Combat
  3163 | D:4      | Found a staircase to the Ecumenical Temple.
  3263 | Temple   | Entered the Ecumenical Temple
  3323 | Temple   | Became a worshipper of Yredelemnul the Dark
  3323 | Temple   | Reached * piety under Yredelemnul
  3323 | Temple   | Reached ** piety under Yredelemnul
  3446 | D:4      | Found a blossoming altar of Fedhas.
  3492 | D:5      | Entered Level 5 of the Dungeon
  3512 | D:4      | Reached skill level 1 in Invocations
  3546 | D:5      | Reached XP level 7. HP: 44/57 MP: 7/7
  3588 | D:4      | Reached skill level 9 in Unarmed Combat
  3699 | D:5      | Found a stormy altar of Qazlal.
  3757 | D:5      | Found an ancient bone altar of Kikubaaqudgha.
  4184 | D:5      | Found a sand-covered staircase.
  4327 | D:5      | Found a burning altar of Makhleb.
  4721 | D:6      | Found Fyjeus's Book Emporium.
  4770 | D:6      | Found a glowing drain.
  4775 | D:6      | Reached XP level 8. HP: 60/62 MP: 10/10
  4788 | Sewer    | Entered a sewer
  5063 | Sewer    | Reached *** piety under Yredelemnul
  5349 | D:6      | Found an opulent altar of Gozag.
  5396 | D:6      | Found a glowing golden altar of the Shining One.
  5402 | D:6      | Reached skill level 5 in Invocations
  5521 | D:6      | Reached skill level 10 in Unarmed Combat
  5596 | D:6      | Noticed a troll
  5964 | D:7      | Noticed manon's ghost (novice MiBe)
  6434 | D:6      | HP: 1/63 [ogre/giant club (3)]
  6450 | D:7      | HP: 3/63 [centaur/arrow (6)]
  6451 | D:6      | Mangled by an ogre

Vault maps used:
D:1:      saegor_arrival_simple_d
D:2:      nicolae_overflow_hidden_temple, old_standard_altar, led_sif_pool,
          first_bread, uniq_iyjb
D:3:      kennysheep_slug_shrine
D:4:      minmay_temple_entry_poolview, fedhas_altar_3
D:5:      kiku_gazebo_garden_becter, grunt_qazlal_sundering, enter_ossuary_2,
          makhleb_blood_cavern_becter
D:6:      lemuel_doored_altar, serial_shops, shop, gup_sewer_entry_pipe,
          nicolae_wand_duel, nicolae_tso_besieged_by_evil
D:7:      nicolae_overflow_crystal_walls, basic_altar, enter_bailey_3
D:8:      kennysheep_mini, nemelex_xobeh_ov_fountains_minmay, dpeg_oklobed_lair
Temple:   corrupted_temple
Abyss:1:  evilmike_abyss_exit_mutagenic
Sewer:    sewer_co_cracked_pipes

Skill      XL: |  1  2  3  4  5  6  7  8 |
---------------+-------------------------+-----
Unarmed Combat | 5 6 7 8 9 10 | 10.6
Invocations    | 1 4 6 |  6.3
Fighting       | |  3.2
Dodging        | |  2.6
Stealth        | |  2.1

Action                   |  1- 3 |  4- 6 |  7- 9 || total
-------------------------+-------+-------+-------++-------
Melee: Unarmed           |   137 |   194 |   292 ||   623
       Punch             |     1 |     5 |     5 ||    11
 Fire: Arbalest          |       |       |    50 ||    50
Throw: Stone             |     7 |       |       ||     7
Invok: Animate Remains   |       |     1 |     5 ||     6
       Animate Dead      |       |       |     5 ||     5
  Use: Scroll            |       |     7 |     2 ||     9
       Potion            |       |       |     2 ||     2
 Stab: Sleeping          |     3 |       |       ||     3
       Distracted        |       |       |     2 ||     2
  Eat: Chunk             |    21 |    17 |    27 ||    65
Armor: Robe              |    20 |       |       ||    20
       Chain mail        |    15 |     5 |       ||    20
       Plate armour      |       |   136 |   288 ||   424
Dodge: Dodged            |    61 |    35 |   123 ||   219
